 Dungeon Crawl Stone Soup version 0.29.1-15-g9cfb28693d (webtiles) character file.

Game seed: 11758169569327105112

1101 ThatPearl the Schismatic (level 8, -3/64 HPs)
             Began as a Demonspawn Abyssal Knight on Mar 19, 2023.
             Was an Elder of Lugonu.
             Slain by a wight
             ... wielding a +1 battleaxe
              (7 damage)
             ... on level 5 of the Dungeon.
             The game lasted 00:09:36 (4719 turns).

ThatPearl the Schismatic (DsAK)                     Turns: 4719, Time: 00:09:37

Health: -3/64      AC:  8    Str: 20    XL:     8   Next: 10%
Magic:  4/4        EV: 11    Int: 17    God:    Lugonu [****..]
Gold:   278        SH:  0    Dex: 20    Spells: 7/7 levels left

rFire   + . .      SeeInvis .   a - +3 hand axe of Cesteshu {antimagic, Int+4 Dex+6}
rCold   . . .      Faith    .   (no shield)
rNeg    + . .      Spirit   .   i - +1 ring mail
rPois   .          Reflect  .   (helmet restricted)
rElec   .          Harm     .   (no cloak)
rCorr   .          Rampage  .   (no gloves)
Will    +....                   q - +1 pair of boots of Watchfulness {Will+ Str+6}
Stlth   +.........              (no amulet)
HPRegen 0.20/turn               d - ring of positive energy
MPRegen 0.09/turn               F - ring of protection from fire

@: no status effects
A: claws 2, hooves 1, horns 1, powered by pain 1, spiny 1
a: Renounce Religion, Depart the Abyss, Bend Space, Banish, Corrupt


You were on level 5 of the Dungeon.
You worshipped Lugonu.
Lugonu was greatly pleased with you.
You visited 1 branch of the dungeon, and saw 5 of its levels.
You visited the Abyss 1 time.
You also visited: Sewer.

You collected 278 gold pieces.

Inventory:

Hand Weapons
 a - the +3 hand axe of Cesteshu (weapon) {antimagic, Int+4 Dex+6}
   (You found it on level 3 of the Dungeon)

   It reduces the magical energy of the wielder, and disrupts the spells and
   magical abilities of those it strikes.
   Natural abilities and divine invocations are not affected.
   Int:       It affects your intelligence (+4).
   Dex:       It affects your dexterity (+6).
 b - a +1 sling of flaming
 x - a +1 hand axe
 C - a +0 shortbow
 D - a +2 dagger of draining
Missiles
 c - 38 stones (quivered)
Armour
 i - a +1 ring mail (worn)
 q - the +1 pair of boots of Watchfulness (worn) {Will+ Str+6}
   (You found it on level 3 of the Dungeon)

   Str:       It affects your strength (+6).
   Will:      It increases your willpower.
 B - a +0 helmet
Magical Staves
 r - a staff of death
 A - a staff of air
Jewellery
 d - a ring of positive energy (left claw)
 s - a ring of ice
 F - a ring of protection from fire (right claw)
Wands
 t - a wand of paralysis (6)
 w - a wand of acid (7)
 y - a wand of roots (11)
Scrolls
 e - 2 scrolls of fear {unknown}
 h - a scroll of enchant armour
 k - a scroll of immolation {unknown}
 l - 2 scrolls of poison
 o - 3 scrolls of teleportation {unknown}
 p - a scroll of torment {unknown}
 u - 2 scrolls of identify {unknown}
 v - 2 scrolls of enchant weapon {unknown}
 G - a scroll of noise {unknown}
Potions
 f - a potion of berserk rage
 g - a potion of resistance
 j - a potion of haste {unknown}
 m - a potion of might {unknown}
 n - 2 potions of curing
 z - a potion of magic {unknown}
 E - a potion of brilliance {unknown}


   Skills:
 + Level 6.2 Fighting
 + Level 5.2 Axes
 - Level 1.7 Armour
 - Level 0.8 Dodging
 + Level 7.5 Invocations


You had 7 spell levels left.
You didn't know any spells.
Your spell library contained the following spells:

 Spells                   Type           Power      Damage    Failure   Level
 Sublimation of Blood     Necr           0%         N/A       52%         2
 Ozocubu's Armour         Ice            0%         N/A       75%         3
 Petrify                  Tmut/Erth      0%         N/A       98%         4
 Irradiate                Conj/Tmut      0%         3d11      100%        5
 Ozocubu's Refrigeration  Ice            0%         4d7       100%        7


Dungeon Overview and Level Annotations

Branches:
Dungeon (5/15)             Temple (0/1) D:4           Sewer (visited)

Altars:
Dithmenos
Okawaru
Qazlal
Trog


Innate Abilities, Weirdness & Mutations

You have very sharp fingernails.
You have large cloven feet.
You have a pair of small horns on your head.
You sometimes gain a little power by taking damage.
You are partially covered in sharp spines.


Message History

You kill the orc wizard!
Lugonu accepts your kill.
You barely miss the orc. You headbutt the orc, but do no damage.
The orc is struck by your spines. The orc barely misses you.
The orc is struck by your spines.
You kill the orc!
Lugonu accepts your kill.
You start resting.
You feel a little less mighty now.
You start resting.
A wight comes into view. It is wielding a +1 battleaxe.
An orc priest comes into view. It is wielding a +0 hand axe.
The orc priest shouts!
Things that are here:
a +0 falchion; a +3 scale mail; a scroll labelled JIJAC IGISOCVI The orc priest mumbles some strange prayers to Beogh against you.
Beogh smites you!
* * * LOW HITPOINT WARNING * * *
The orc priest hits you with a +0 hand axe.
* * * LOW HITPOINT WARNING * * *
You hit the orc priest.
The orc priest is moderately wounded.
The orc priest is struck by your spines.
The orc priest hits you with a +0 hand axe.
* * * LOW HITPOINT WARNING * * *
You barely miss the orc priest.
The orc priest is heavily wounded.
The orc priest closely misses you.
You hit the orc priest but do no damage.
The orc priest is heavily wounded.
The orc priest hits you with a +0 hand axe.
* * * LOW HITPOINT WARNING * * *
You barely miss the orc priest. Your headbutt misses the orc priest.
The orc priest is heavily wounded.
The orc priest closely misses you.
You closely miss the orc priest. Your headbutt misses the orc priest.
You claw the orc priest.
The orc priest is almost dead.
You barely miss the wight. The wight hits you with a +1 battleaxe!
You die...

####..#...# ##.
#....#..# #.
##..#..#.# ##
..
####z.##....# #
#.
##....##..#...#
#.# #.)####
.####.#
.o###.## .. .
..#z.# ...
#.#@##
.....###)#o#
......))...#
.....##)..##
... ##..# .
..... .....##
......#
#......#


You could see a wight and an orc priest.

Vanquished Creatures
  2 water moccasins
  Duvessa (D:4)
  3 ogres
  A scorpion (D:5)
  Dowan (D:4)
  An orc priest (D:5)
  2 jellies
  A hound (D:5)
  Natasha (twice) (D:3)
  4 orc wizards
  3 adders
  A river rat (D:3)
  2 dart slugs
  13 orcs
  7 ball pythons
  4 endoplasms
  4 giant cockroaches
  9 goblins
  5 hobgoblins
  13 jackals
  4 quokkas
  12 bats
  11 frilled lizards
  5 kobolds
  9 rats
120 creatures vanquished.

Vanquished Creatures (others)
  Natasha (D:3)
  7 plants (D:3)
8 creatures vanquished.

Grand Total: 128 creatures vanquished

Notes
Turn   | Place    | Note
-------+----------+-------------------------------------------
     0 | Abyss:1  | ThatPearl the Demonspawn Abyssal Knight began the quest for
                  | the Orb.
     0 | Abyss:1  | Reached XP level 1. HP: 18/18 MP: 2/2
     7 | D:1      | Escaped the Abyss
   599 | D:1      | Gained mutation: You are partially covered in sharp spines.
                  | [demonic ancestry]
   599 | D:1      | Reached XP level 2. HP: 21/24 MP: 4/4
   851 | D:1      | Reached skill level 3 in Invocations
  1260 | D:2      | Found a faded altar of an unknown god.
  1278 | D:2      | Reached XP level 3. HP: 28/29 MP: 5/5
  1284 | D:2      | Reached *** piety under Lugonu
  1737 | D:3      | Noticed Natasha
  1744 | D:3      | Killed Natasha
  1769 | D:3      | Identified the +1 pair of boots of Watchfulness {Will+
                  | Str+6}
  1807 | D:3      | Found a glowing drain.
  1817 | D:3      | Gained mutation: You sometimes gain a little power by
                  | taking damage. [demonic ancestry]
  1817 | D:3      | Reached XP level 4. HP: 22/37 MP: 6/6
  1834 | Sewer    | Entered a sewer
  1951 | Sewer    | Noticed a water moccasin
  1964 | Sewer    | Killed a water moccasin
  1965 | Sewer    | Reached skill level 4 in Invocations
  1965 | Sewer    | Discovered your monstrous ancestry.
  1965 | Sewer    | Gained mutation: You have large cloven feet. [demonic
                  | ancestry]
  1965 | Sewer    | Reached XP level 5. HP: 22/42 MP: 6/8
  2254 | D:3      | Noticed an ogre
  2265 | D:3      | Killed an ogre
  2266 | D:3      | Reached skill level 5 in Invocations
  2266 | D:3      | Gained mutation: You have sharp fingernails. [demonic
                  | ancestry]
  2266 | D:3      | Reached XP level 6. HP: 10/49 MP: 9/9
  2706 | D:3      | Found a shadowy altar of Dithmenos.
  2708 | D:3      | Found an iron altar of Okawaru.
  2708 | D:3      | Noticed Natasha
  2709 | D:3      | Found a bloodstained altar of Trog.
  2719 | D:3      | Killed Natasha
  2719 | D:3      | Reached **** piety under Lugonu
  2811 | D:3      | Identified the +3 hand axe of Cesteshu {antimagic, Int+4
                  | Dex+6}
  2882 | D:3      | Noticed Natasha
  2890 | D:3      | Killed Natasha
  3372 | D:4      | Found a staircase to the Ecumenical Temple.
  3666 | D:4      | Found a stormy altar of Qazlal.
  3680 | D:4      | Reached skill level 5 in Fighting
  3833 | D:4      | Noticed Duvessa
  3833 | D:4      | Noticed Dowan
  3857 | D:4      | Killed Duvessa
  3858 | D:4      | Reached skill level 6 in Invocations
  3858 | D:4      | Gained mutation: You have very sharp fingernails. [demonic
                  | ancestry]
  3858 | D:4      | Reached XP level 7. HP: 19/56 MP: 3/11
  3862 | D:4      | Killed Dowan
  4310 | D:5      | Entered Level 5 of the Dungeon
  4605 | D:5      | Reached skill level 7 in Invocations
  4618 | D:5      | Reached skill level 5 in Axes
  4627 | D:5      | Gained mutation: You have a pair of small horns on your
                  | head. [demonic ancestry]
  4627 | D:5      | Reached XP level 8. HP: 6/64 MP: 4/13
  4717 | D:5      | HP: 3/64 [orc priest/+0 hand axe (3)]
  4719 | D:5      | Slain by a wight

Illustrated notes

Levels and vault maps discovered:
D:1:      minmay_arrival_glassed_features, layout_basic, nrook_mini_backslash,
          corexii_leaking_fountain
D:2:      layout_rooms, chequers_ecumenical_altar_simple
D:3:      layout_loops_cross, grunt_temple_overflow_open, portal_sewer_entry_a,
          roderic_roman_lattice, minmay_lizard_king, uniq_natasha
D:4:      layout_rooms, nicolae_qazlal_scattered_showers,
          minmay_temple_entry_tees, uniq_duvessa
D:5:      layout_rooms, hangedman_decor_push

Skill      XL: |  1  2  3  4  5  6  7 |
---------------+----------------------+-----
Axes           | 2 3 4 5 |  5.2
Invocations    | 3 4 5 6 7 |  7.5
Fighting       | 4 5 6 |  6.2
Armour         | |  1.7
Dodging        | |  0.8

Action                   |  1- 3 |  4- 6 |  7- 9 || total
-------------------------+-------+-------+-------++-------
Melee: Hand axe          |    96 |   103 |    61 ||   260
       Punch             |     4 |     3 |     2 ||     9
       Headbutt          |       |       |     2 ||     2
 Fire: Sling             |       |       |     2 ||     2
Throw: Stone             |       |     8 |     2 ||    10
  Use: Scroll            |     2 |       |       ||     2
       Potion            |       |     2 |       ||     2
Armor: Leather armour    |     9 |       |       ||     9
       Ring mail         |    18 |    31 |    17 ||    66
Dodge: Dodged            |    52 |    66 |    29 ||   147
